Map: [ESL] Alcyone

Players

Harstem - Winner!

  • Race: Protoss Protoss
  • Spawn Location: 1:00

Wayne

  • Race: Zerg Zerg
  • Spawn Location: 7:00

Event: ESL SC2 Masters 2024 Spring (Regional)

VOD

Have the link to the VOD?

Description

Time

  • Played on: April 25, 2024, 9:45 a.m.
  • Length: 14:54

All games in this series

Show
View Real Time Build Order
Export as new Build Order

Harstem Protoss - Winner!

Build Orders: 1 Gate Expand, Oracle Opening, Chargelot Immortal 

Get SALT Encoding   

  12  0:00  Probe  
  13  0:12  Probe  
  14  0:17  Pylon  
  14  0:24  Probe (Chrono Boost)  
  15  0:36  Probe (Chrono Boost)  
  15  0:38  Gateway  
  16  0:44  Probe (Chrono Boost)  
  16  0:48  Assimilator  
  17  0:51  Probe  
  18  1:03  Probe  
  19  1:15  Probe  
  20  1:24  Nexus  
  20  1:34  Cybernetics Core  
  20  1:37  Probe  
  21  1:43  Assimilator  
  21  1:49  Probe  
  21  1:52  Pylon  
  22  2:01  Probe (Chrono Boost)  
  22  2:07  Adept (Chrono Boost)  
  23  2:13  Probe (Chrono Boost)  
  26  2:22  Stargate, Probe (Chrono Boost)  
  27  2:28  Probe  
  27  2:29  Adept (Chrono Boost)  
  28  2:36  Warp Gate, Probe  
  31  2:40  Probe  
  32  2:48  Probe  
  32  2:50  Adept  
  33  2:52  Probe  
  36  3:01  Probe  
  36  3:04  Probe  
  36  3:05  Pylon  
  38  3:06  Oracle (Chrono Boost)  
  41  3:13  Probe  
  41  3:16  Probe  
  43  3:25  Probe  
  44  3:28  Probe  
  44  3:29  Gateway  
  44  3:33  Oracle (Chrono Boost)  
  45  3:36  Pylon  
  45  3:37  Probe  
  45  3:40  Probe  
  50  3:53  Probe  
  50  3:54  Probe  
  52  3:56  Pylon  
  52  4:05  Oracle, Probe  
  52  4:06  Probe  
  56  4:15  Nexus  
  56  4:16  Assimilator  
  56  4:17  Probe  
  56  4:18  Assimilator, Probe  
  58  4:26  Forge  
  58  4:28  Twilight Council  
  58  4:29  Probe  
  58  4:30  Probe  
  60  4:38  Blink  
  60  4:39  Gateway x2  
  60  4:42  Adept x2  
  60  4:44  Probe  
  65  4:47  Probe  
  66  4:56  Pylon, Probe  
  66  4:57  Protoss Ground Weapons Level 1 (Chrono Boost)  
  66  4:59  Probe  
  68  5:08  Probe  
  68  5:11  Probe  
  70  5:15  Stalker x2  
  70  5:20  Probe  
  75  5:24  Probe  
  75  5:27  Probe  
  77  5:31  Shield Battery  
  77  5:32  Probe  
  78  5:36  Probe  
  78  5:37  Stalker x2  
  78  5:39  Probe  
  84  5:48  Stalker x2, Probe  
  85  5:50  Probe  
  85  5:51  Probe  
  85  5:52  Pylon  
  87  5:58  Assimilator  
  87  6:00  Pylon, Probe  
  87  6:01  Assimilator  
  87  6:02  Stalker x2  
  92  6:05  Probe  
  92  6:06  Pylon  
  92  6:10  Probe  
  94  6:18  Probe  
  95  6:19  Stalker x2  
  95  6:21  Probe  
  95  6:23  Probe  
  95  6:24  Templar Archives  
  101  6:26  Stalker x2  
  101  6:31  Gateway  
  105  6:33  Robotics Facility, Probe, Gateway  
  105  6:34  Protoss Ground Weapons Level 2 (Chrono Boost)  
  105  6:38  Probe  
  107  6:47  Pylon  
  107  6:50  Stalker x3  
  107  6:57  Zealot  
  107  6:58  Charge  
  107  6:59  Psionic Storm  
  109  7:05  Nexus  
  109  7:09  Shield Battery  
  109  7:13  Probe  
  109  7:15  Zealot x2  
  114  7:19  Immortal (Chrono Boost)  
  114  7:20  Probe  
  119  7:24  Probe  
  119  7:25  Probe  
  119  7:28  High Templar  
  123  7:30  Pylon  
  123  7:31  Pylon  
  123  7:33  High Templar  
  125  7:42  Probe x2  
  123  7:44  Shield Battery  
  123  7:47  High Templar  
  123  7:48  Probe  
  123  7:49  Immortal (Chrono Boost), Gateway  
  123  7:50  Gateway  
  130  7:56  High Templar  
  130  7:58  Photon Cannon x2  
  132  8:00  Probe  
  132  8:02  Probe  
  132  8:04  Zealot x3  
  140  8:08  Shield Battery  
  140  8:17  Pylon  
  140  8:19  Photon Cannon  
  136  8:27  Zealot x3  
  136  8:31  Zealot  
  136  8:32  Probe  
  143  8:38  Probe  
  140  8:42  Pylon  
  140  8:44  Immortal (Chrono Boost)  
  140  8:45  Protoss Ground Weapons Level 3 (Chrono Boost), Stalker x2  
  146  8:50  Zealot x3  
  150  8:56  Probe  
  150  9:02  High Templar x2  
  146  9:03  Photon Cannon  
  146  9:04  Assimilator  
  146  9:07  Assimilator  
  148  9:13  Zealot x5  
  148  9:14  Immortal (Chrono Boost)  
  148  9:16  Probe  
  161  9:17  Pylon  
  161  9:21  Photon Cannon  
  153  9:29  Gateway  
  149  9:31  Archon  
  149  9:34  Stalker x5  
  150  9:42  Immortal (Chrono Boost)  
  150  9:43  Stalker x2  
  145  9:53  Photon Cannon, Probe  
  145  9:57  Gateway  
  146  10:01  Shield Battery  
  146  10:03  Zealot x3  
  152  10:08  Zealot x2  
  152  10:12  High Templar  
  158  10:15  Immortal (Chrono Boost)  
  158  10:17  Gateway  
  158  10:23  High Templar  
  158  10:24  High Templar x2  
  158  10:25  Gateway  
  160  10:29  Archon x2  
  160  10:32  Pylon  
  160  10:33  Photon Cannon  
  158  10:40  Stalker x2  
  158  10:41  Stalker  
  154  10:45  Immortal (Chrono Boost)  
  154  10:46  Zealot  
  158  10:50  Pylon  
  158  10:53  Zealot  
  158  10:56  High Templar x3  
  166  11:00  Archon  
  166  11:06  High Templar x2  
  166  11:07  High Templar  
  166  11:10  Archon  
  170  11:15  Immortal  
  170  11:17  Archon  
  160  11:23  Zealot x4  
  156  11:26  Probe  
  153  11:33  Zealot x3, Oracle (Chrono Boost)  
  154  11:43  Zealot x6, Protoss Ground Armor Level 1 (Chrono Boost)  
  156  11:51  Immortal (Chrono Boost)  
  154  11:55  Zealot x4  
  156  12:04  High Templar x2  
  156  12:05  High Templar x2  
  156  12:06  High Templar x2  
  168  12:11  Fleet Beacon  
  168  12:14  Archon  
  168  12:15  Stargate  
  168  12:18  Zealot x4  
  176  12:23  Immortal  
  178  12:39  Pylon  
  178  12:40  Zealot x2  
  182  12:45  Nexus  
  182  12:48  High Templar x3  
  188  12:56  Archon  
  178  13:00  Carrier (Chrono Boost)  
  178  13:02  High Templar, Immortal  
  180  13:09  Archon  
  180  13:22  High Templar x2  
  180  13:27  Zealot x7  
  190  13:44  Stalker  
  190  13:46  Immortal  
  194  13:52  Nexus  
  194  13:53  Pylon  
  194  13:54  Pylon  
  194  13:58  Pylon  
  197  14:17  Probe  
  197  14:20  Stargate, Photon Cannon  
  197  14:21  Photon Cannon  
  197  14:23  Photon Cannon  
  197  14:25  Photon Cannon  
  197  14:27  Pylon  
  197  14:30  Zealot x4  
Show
View Real Time Build Order
Export as new Build Order

Wayne Zerg 

Build Orders: Hatch First 

Get SALT Encoding   

  12  0:00  Drone  
  13  0:12  Overlord  
  13  0:16  Drone  
  14  0:31  Drone x2  
  16  0:48  Hatchery  
  15  0:51  Drone  
  15  0:54  Drone  
  17  0:57  Drone  
  18  1:08  Extractor  
  17  1:13  Spawning Pool  
  17  1:16  Drone  
  17  1:19  Drone  
  18  1:29  Drone  
  19  1:41  Drone  
  20  1:50  Overlord  
  20  2:00  Queen x2  
  20  2:01  Zergling x4  
  26  2:12  Drone x2  
  26  2:13  Metabolic Boost  
  28  2:22  Drone x2  
  30  2:36  Queen  
  32  2:41  Hatchery  
  32  2:43  Zergling x2  
  32  2:48  Overlord  
  32  2:52  Zergling x2  
  32  2:55  Zergling x2  
  32  2:57  Drone  
  35  3:04  Zergling x2  
  36  3:06  Queen  
  36  3:12  Drone x2  
  39  3:19  Evolution Chamber, Overlord  
  38  3:24  Spore Crawler  
  38  3:26  Drone x2  
  41  3:28  Queen  
  43  3:38  Overlord  
  43  3:39  Drone x4  
  47  3:45  Drone x3  
  50  3:51  Overlord  
  50  3:53  Drone  
  52  3:55  Drone  
  52  3:56  Drone x2  
  52  4:02  Queen  
  53  4:05  Spore Crawler  
  53  4:10  Drone x3  
  53  4:14  Evolution Chamber  
  55  4:17  Drone x2  
  55  4:18  Zergling x2  
  55  4:21  Drone x2  
  60  4:25  Drone x2  
  60  4:28  Spore Crawler  
  60  4:29  Drone x2  
  63  4:34  Drone  
  64  4:42  Hatchery  
  64  4:45  Zerg Melee Weapons Level 1  
  63  4:46  Overlord  
  63  4:47  Drone  
  63  4:50  Drone  
  63  4:52  Drone x2  
  67  4:54  Zergling x4  
  67  4:55  Drone  
  70  5:00  Baneling Nest  
  70  5:01  Extractor, Drone x2  
  70  5:05  Spore Crawler  
  70  5:06  Drone x2  
  71  5:09  Zergling x6  
  71  5:12  Drone x2  
  76  5:15  Drone x2  
  77  5:23  Overlord  
  77  5:24  Zergling x8  
  77  5:27  Overlord  
  81  5:32  Lair  
  81  5:37  Extractor  
  81  5:42  Overlord  
  78  5:44  Drone x2  
  78  5:47  Drone x10  
  78  5:48  Drone  
  86  5:54  Drone  
  87  5:58  Extractor x2  
  87  6:01  Zergling x2, Hatchery  
  87  6:02  Zergling x2  
  86  6:07  Zergling x6  
  86  6:10  Roach Warren  
  87  6:13  Zergling x10  
  87  6:19  Zergling x8  
  87  6:24  Zergling x6  
  94  6:33  Zergling x12  
  94  6:36  Overlord  
  94  6:39  Overlord  
  100  6:41  Zergling x8  
  104  6:47  Overlord  
  104  6:51  Zergling x6  
  97  6:55  Zergling x2  
  97  6:57  Glial Reconstitution  
  97  6:58  Zerg Melee Weapons Level 2  
  97  6:59  Centrifugal Hooks  
  96  7:06  Roach  
  96  7:07  Roach x5  
  107  7:15  Drone  
  107  7:17  Roach  
  107  7:18  Roach x5  
  117  7:27  Drone  
  117  7:28  Drone x2  
  117  7:29  Overlord  
  120  7:30  Roach  
  120  7:31  Roach x3  
  128  7:39  Overlord  
  128  7:41  Zergling x14  
  133  7:44  Overlord x2  
  133  7:50  Zergling x4  
  135  7:53  Overlord x2  
  135  7:54  Roach x3  
  135  7:57  Baneling x8  
  141  7:59  Baneling x7  
  141  8:00  Zergling x14  
  141  8:05  Roach x4  
  156  8:07  Zergling x2  
  156  8:08  Zergling x4  
  159  8:13  Zergling x6  
  138  8:28  Zergling x2, Roach  
  138  8:29  Zergling x12  
  131  8:34  Zergling x6, Roach  
  131  8:35  Roach x3, Zergling x2  
  131  8:37  Zergling x4, Roach  
  143  8:43  Roach x4  
  143  8:47  Ravager x2  
  143  8:48  Ravager x4  
  154  8:49  Zergling x2  
  154  8:50  Zergling x10  
  154  9:00  Zergling x16  
  154  9:02  Baneling x11  
  151  9:04  Zergling x6  
  151  9:06  Zergling x2  
  152  9:10  Zergling x2  
  152  9:13  Zergling x6  
  152  9:14  Zerg Missile Weapons Level 1  
  152  9:16  Zergling x6  
  151  9:18  Baneling x9  
  151  9:20  Zergling x10  
  150  9:24  Zergling x8  
  150  9:27  Zergling x8  
  150  9:30  Zergling x6  
  155  9:33  Zergling x6  
  141  9:43  Roach x2  
  141  9:44  Roach x3  
  133  9:48  Roach  
  133  9:49  Roach x4  
  137  9:53  Zergling x10  
  137  9:57  Zergling x2  
  137  9:58  Zergling x8  
  142  10:03  Roach x3  
  143  10:12  Zergling x2  
  143  10:13  Zergling x6  
  143  10:14  Ravager  
  147  10:15  Ravager  
  147  10:20  Zergling x10  
  144  10:23  Zergling x4  
  144  10:27  Zergling x4  
  145  10:31  Zergling x12  
  145  10:33  Zergling x8  
  134  10:43  Roach x7  
  134  10:46  Roach  
  147  10:50  Zergling x16  
  147  10:53  Baneling x8  
  153  10:58  Ravager  
  153  10:59  Ravager x2  
  153  11:02  Zergling x2  
  153  11:03  Zergling x14  
  158  11:04  Ravager  
  158  11:09  Zergling x4  
  153  11:14  Zergling x10  
  153  11:21  Zergling x12  
  145  11:27  Zergling x16  
  145  11:29  Zerg Missile Weapons Level 2  
  142  11:33  Roach x3  
  138  11:44  Roach x7  
  125  11:50  Roach x4  
  119  11:55  Zergling x4, Roach x2  
  119  11:56  Roach  
  119  11:58  Roach x4, Zergling x2  
  119  12:04  Roach x3  
  119  12:06  Ravager x2  
  119  12:07  Zergling x6  
  130  12:10  Zergling x2  
  130  12:11  Zergling x4  
  133  12:17  Drone x2  
  133  12:18  Drone x5  
  133  12:21  Zergling x6  
  143  12:25  Queen  
  145  12:33  Drone x5  
  145  12:35  Queen  
  152  12:38  Infestation Pit, Drone  
  152  12:44  Zergling x14  
  159  12:49  Drone x5  
  153  12:56  Zergling x2  
  153  12:57  Zergling x10  
  151  13:01  Zergling x6  
  152  13:06  Baneling x12  
  152  13:10  Zergling x6  
  155  13:15  Hive  
  155  13:17  Hydralisk Den  
  152  13:20  Zergling x10  
  151  13:28  Zergling x2  
  151  13:29  Zergling x12  
  133  13:41  Roach x9  
  133  13:47  Roach x4  
  152  13:52  Lurker Den  
  151  13:56  Ravager x2  
  151  13:57  Zergling x10  
  151  14:01  Roach x2  
  162  14:05  Extractor  
  162  14:07  Zergling x4  
  162  14:08  Zergling x8  
  153  14:20  Baneling x18  
  153  14:27  Zergling x12  
  153  14:31  Zergling x10  
  146  14:33  Roach x2  
  146  14:34  Zergling x6  
  135  14:43  Ravager  
  135  14:44  Ravager  
Tags
 
Add a new tag
Caveats
  • Supply blocks, unpowered buildings, or Contaminate may cause inaccurate times.
  • Supply counts are checked every 10 seconds.